 Dungeon Crawl Stone Soup version 0.30-a0-722-g3e6e8c874d (webtiles) character file.

Game seed: 11438708331275296604

12308 NinjaNoafa the Slicer (level 11, -21/92 HPs)
             Began as a Hill Orc Monk on Jan 27, 2023.
             Was a High Priest of Zin.
             Engulfed by a cloud of flame (37 damage)
             ... on level 12 of the Dungeon.
             The game lasted 00:38:11 (11477 turns).

NinjaNoafa the Slicer (Hill Orc Monk)              Turns: 11477, Time: 00:38:11

Health: -21/92     AC: 11    Str: 17    XL:     11   Next: 91%
Magic:  18/18      EV: 20    Int: 10    God:    Zin [*****.]
Gold:   351        SH: 11    Dex: 18    Spells: 10/10 levels left

rFire   . . .      SeeInvis +    t - +9 rapier "Fitu" {freeze, rElec Will+ Dex+3}
rCold   . . .      Faith    .    J - +0 buckler
rNeg    . . .      Spirit   .    c - +0 acid dragon scales
rPois   +          Reflect  +    (no helmet)
rElec   +          Harm     .    m - +1 cloak {rPois}
rCorr   +          Rampage  .    h - +0 pair of gloves
Will    +....                    (no boots)
Stlth   +++                      j - amulet of reflection
HPRegen 0.35/turn                v - +5 ring of evasion
MPRegen 0.16/turn                u - ring of see invisible

@: on berserk cooldown, slowed, very slow
A: no striking features
a: Renounce Religion, Recite, Vitalisation, Imprison, Sanctuary, Donate Gold


You were on level 12 of the Dungeon.
You worshipped Zin.
Zin was extremely pleased with you.
You visited 2 branches of the dungeon, and saw 13 of its levels.

You collected 714 gold pieces.
You spent 54 gold pieces at shops.
You donated 309 gold pieces to Zin.

Inventory:

Hand Weapons
 t - the +9 rapier "Fitu" (weapon) {freeze, rElec Will+ Dex+3}
   (You found it on level 3 of the Dungeon)

   Dex:       It affects your dexterity (+3).
   rElec:     It insulates you from electricity.
   Will:      It increases your willpower.
Missiles
 r - 45 poisoned darts
 z - a curare-tipped dart
 A - 15 boomerangs
Armour
 c - +0 acid dragon scales (worn)
 h - a +0 pair of gloves (worn)
 m - a +1 cloak of poison resistance (worn)
 B - a +2 leather armour of cold resistance
 J - a +0 buckler (worn)
Jewellery
 d - a ring of magical power
 e - a ring of flight
 j - an amulet of reflection (around neck)
 u - a ring of see invisible (right hand)
 v - a +5 ring of evasion (left hand)
 H - a ring of positive energy
 O - a ring of protection from fire
Wands
 f - a wand of iceblast (1)
 D - a wand of acid (3)
Scrolls
 g - a scroll of vulnerability
 l - 4 scrolls of enchant weapon
 o - 3 scrolls of immolation
 p - a scroll of fog
 q - 3 scrolls of teleportation
 x - 2 scrolls of blinking
 y - a scroll of noise {unknown}
 C - a scroll of acquirement {unknown}
 I - a scroll of silence {unknown}
 K - a scroll of magic mapping {unknown}
Potions
 a - 3 potions of haste
 b - 5 potions of brilliance
 i - 2 potions of magic {unknown}
 k - 3 potions of invisibility
 n - a potion of mutation {unknown}
 s - 3 potions of curing
 w - a potion of resistance {unknown}
 E - 2 potions of cancellation
 L - a potion of might
 M - 2 potions of attraction {unknown}
 N - a potion of flight {unknown}


   Skills:
 + Level 7.6 Fighting
 + Level 9.6 Short Blades
 - Level 6.5 Axes
 - Level 6.0 Armour
 + Level 6.8 Dodging
 - Level 4.2 Stealth
 - Level 6.0 Shields
 + Level 9.6 Invocations
 - Level 4.0 Evocations


You had 10 spell levels left.
You didn't know any spells.
Your spell library contained the following spells:

 Spells                   Type           Power      Damage    Failure   Level
 Foxfire                  Conj/Fire      0%         2x1d4     54%         1
 Cigotuvi's Dreadful Rot  Necr/Pois/Air  0%         N/A       67%         2
 Poisonous Vapours        Pois/Air       0%         N/A       67%         2
 Scorch                   Fire           0%         2d5       67%         2
 Mephitic Cloud           Conj/Pois/Air  0%         N/A       88%         3
 Ozocubu's Armour         Ice            0%         N/A       88%         3
 Anguish                  Hex/Necr       0%         N/A       99%         4
 Flame Wave               Conj/Fire      0%         2d4       99%         4
 Fireball                 Conj/Fire      0%         3d3       100%        5
 Metabolic Englaciation   Hex/Ice        0%         N/A       100%        5
 Simulacrum               Ice/Necr       0%         N/A       100%        6
 Starburst                Conj/Fire      0%         6d3       100%        6
 Summon Cactus Giant      Summ           0%         N/A       100%        6
 Enfeeble                 Hex            0%         N/A       100%        7


Dungeon Overview and Level Annotations

Branches:
Dungeon (12/15)            Temple (1/1) D:5            Lair (0/5) D:10
    Orc: D:9-12

Altars:
Ashenzari
Cheibriados
Dithmenos
Elyvilon
Fedhas
Gozag
Hepliaklqana
Kikubaaqudgha
Makhleb
Nemelex Xobeh
Okawaru
Qazlal
Ru
Sif Muna
Trog
Uskayaw
Vehumet
Wu Jian
Xom
Yredelemnul
Zin
The Shining One

Shops:
D:6 (   D:7 [:   D:8 [

Annotations:
D:3 1 runed translucent door, Crazy Yiuf


Message History

You feel a strong urge to attack something.
You are no longer berserk.
You are exhausted.
You feel yourself slow down. The ogre completely misses you.
The two-headed ogre is lost in a daze.
The two-headed ogre is lost in a daze.
Blink to where?
Press: ? - help, Dir - move target, p - two-headed ogre
As you read the scroll of blinking, it crumbles to dust.
The two-headed ogre is lost in a daze.
Okay, then.
Really read the scroll of immolation?
As you read the scroll of immolation, it crumbles to dust.
The creatures around you are filled with an inner flame!
Aiming: Iceblast
Press: ? - help, Shift-Dir - straight line, f - two-headed ogre
Aim: a two-headed ogre, wielding a +0 giant spiked club and a +0 dire flail (moderately wounded, inner flame)
The mass of ice explodes!
The iceblast engulfs the two-headed ogre!
Flame seeps out of the two-headed ogre.
The two-headed ogre is severely wounded.
The iceblast engulfs the two-headed ogre!
Flame seeps out of the two-headed ogre.
The two-headed ogre is severely wounded.
You are ready to recite again.
The two-headed ogre is engulfed in blazing flames.
Flame seeps out of the two-headed ogre.
The two-headed ogre is engulfed in blazing flames.
Flame seeps out of the two-headed ogre.
Aiming: Corrosive Bolt
Press: ? - help, Shift-Dir - straight line, p - two-headed ogre The bolt of acid hits the two-headed ogre!!
The acid corrodes the two-headed ogre!
The bolt of acid hits the two-headed ogre!
The acid corrodes the two-headed ogre!
The two-headed ogre explodes! x2
The fiery explosion engulfs you!!!
* * * LOW HITPOINT WARNING * * *
You are engulfed in blazing flames.
You die...

#.....)...........
#####..................
...........<.....(....
......................
...........####.......
...........# #....###
........#### #....#
#####...# #....# ....###.#
#§@..# ......'.# #§§§§#
......#.# #§§)§# ......#.#
##°.§# #######+# ......#.#
#°O.# #........ ......#.#
#...###........ ......#.#
#...OO........
......#.######+#.....O....##
......#..............O....#


You could see a two-headed ogre (dazed) and an ogre (inner flame).

Vanquished Creatures
  An ogre mage (D:12)
  2 two-headed ogres (D:12)
  A boulder beetle (D:12)
  Pikel (D:5)
  A deep elf pyromancer (D:12)
  2 cyclopes
  A gargoyle (D:10)
  An unseen horror (D:11)
  4 trolls
  A hornet (D:9)
  A vampire (D:11)
  Sigmund (D:3)
  4 wyverns (D:10)
  9 yaks
  3 wraiths
  A basilisk (D:10)
  3 steam dragons
  2 acid dragons
  3 water moccasins
  Duvessa (D:7)
  2 orc warriors
  An ice beast (D:5)
  3 sky beasts
  2 black bears
  4 ogres
  8 centaurs
  3 lemures (D:5)
  4 kobold brigands
  4 bullfrogs
  3 necrophages
  2 scorpions
  2 gnoll sergeants
  3 wights (D:7)
  Dowan (D:7)
  6 howler monkeys
  2 electric eels (D:11)
  A gnoll bouda (D:7)
  5 orc priests
  4 hounds
  Ijyb (D:4)
  Terence (D:3)
  3 iguanas
  12 orc wizards
  13 gnolls
  8 adders
  A shadow imp (D:6)
  A white imp (D:8)
  A worm (D:4)
  A dart slug (D:2)
  44 orcs
  8 endoplasms
  4 giant cockroaches
  5 goblins
  8 hobgoblins
  4 jackals (D:3)
  3 quokkas
  6 ball pythons
  7 bats
  3 frilled lizards
  22 kobolds
  7 rats
266 creatures vanquished.

Vanquished Creatures (others)
  4 fungi
  28 plants
32 creatures vanquished.

Grand Total: 298 creatures vanquished

Notes
Turn   | Place    | Note
-------+----------+-------------------------------------------
     0 | D:1      | NinjaNoafa the Hill Orc Monk began the quest for the Orb.
     0 | D:1      | Reached XP level 1. HP: 19/19 MP: 1/1
   337 | D:1      | Reached XP level 2. HP: 21/26 MP: 2/2
   705 | D:1      | Reached skill level 5 in Axes
  1263 | D:2      | Reached XP level 3. HP: 31/31 MP: 3/3
  1523 | D:2      | Reached XP level 4. HP: 35/39 MP: 4/4
  1742 | D:3      | Identified the +9 rapier "Fitu" {freeze, rElec Will+ Dex+3}
  1764 | D:3      | Noticed Terence
  1770 | D:3      | Killed Terence
  1918 | D:3      | Found a glowing golden altar of the Shining One.
  2019 | D:3      | Reached XP level 5. HP: 45/46 MP: 5/5
  2021 | D:3      | Reached skill level 1 in Short Blades
  2124 | D:3      | Noticed Sigmund
  2146 | D:3      | Killed Sigmund
  2147 | D:3      | Reached XP level 6. HP: 33/53 MP: 1/6
  2384 | D:3      | Found a runed translucent door.
  2385 | D:3      | Noticed Crazy Yiuf
  2431 | D:4      | Noticed Ijyb
  2675 | D:4      | Killed Ijyb
  2803 | D:4      | Reached skill level 5 in Fighting
  3013 | D:4      | Found a glowing silver altar of Zin.
  3067 | D:4      | Became a worshipper of Zin the Law-Giver
  3067 | D:4      | Reached * piety under Zin
  3067 | D:4      | Reached ** piety under Zin
  3367 | D:4      | Reached *** piety under Zin
  3527 | D:4      | Reached skill level 1 in Invocations
  3527 | D:4      | Reached XP level 7. HP: 61/61 MP: 7/7
  3846 | D:5      | Entered Level 5 of the Dungeon
  3850 | D:5      | Found a staircase to the Ecumenical Temple.
  3868 | Temple   | Entered the Ecumenical Temple
  4346 | D:5      | Reached XP level 8. HP: 55/68 MP: 11/11
  4502 | D:5      | Noticed a yak
  4503 | D:5      | Noticed a yak
  4505 | D:5      | Noticed a yak
  4505 | D:5      | Noticed a yak
  4509 | D:5      | Noticed a yak
  4545 | D:4      | Killed a yak
  4546 | D:4      | Reached skill level 5 in Invocations
  4623 | D:5      | Killed a yak
  4624 | D:5      | Reached skill level 5 in Short Blades
  4696 | D:5      | Noticed a yak
  4737 | D:4      | Killed a yak
  4982 | D:5      | Noticed Pikel
  5057 | D:5      | Killed Pikel
  5058 | D:5      | Reached XP level 9. HP: 44/74 MP: 11/15
  5187 | D:5      | Donated 131 gold pieces to Zin
  5210 | D:5      | Reached **** piety under Zin
  6356 | D:6      | Found Exexoin's Weapon Shop.
  6456 | D:6      | Reached XP level 10. HP: 83/83 MP: 16/16
  6683 | D:7      | Found Banoolo's Antique Armour Shop.
  6932 | D:7      | Donated 107 gold pieces to Zin
  7268 | D:7      | Reached skill level 1 in Evocations
  7276 | D:7      | Noticed Duvessa
  7280 | D:7      | Noticed Dowan
  7288 | D:7      | Killed Duvessa
  7294 | D:7      | Killed Dowan
  7295 | D:7      | Reached skill level 5 in Armour
  7389 | D:7      | Found Pafaity's Book Emporium.
  7603 | D:8      | Found Sogyw's Armour Shoppe.
  7606 | D:8      | Bought a +0 buckler for 54 gold pieces
  7685 | D:8      | Reached skill level 5 in Dodging
  7713 | D:8      | Reached ***** piety under Zin
  8775 | D:9      | Reached skill level 1 in Shields
  9134 | D:10     | Entered Level 10 of the Dungeon
  9257 | D:10     | Noticed a gargoyle
  9270 | D:10     | Killed a gargoyle
  9303 | D:10     | Found a staircase to the Lair.
  9339 | D:10     | Reached XP level 11. HP: 89/89 MP: 17/17
  9384 | D:10     | Reached skill level 5 in Shields
  9520 | D:10     | Identified the +11 trident of Hoilat {pain, rElec Dex+5}
 10363 | D:11     | Noticed a cyclops
 10374 | D:11     | Killed a cyclops
 10999 | D:12     | Noticed a deep elf pyromancer
 11010 | D:12     | Killed a deep elf pyromancer
 11018 | D:12     | Noticed a cyclops
 11034 | D:12     | Killed a cyclops
 11092 | D:12     | Noticed a boulder beetle
 11368 | D:12     | Killed a boulder beetle
 11450 | D:12     | Noticed a two-headed ogre
 11453 | D:12     | Noticed an ogre mage
 11454 | D:12     | Noticed a two-headed ogre
 11454 | D:12     | Noticed a two-headed ogre
 11461 | D:12     | Killed an ogre mage
 11477 | D:12     | Killed a two-headed ogre
 11477 | D:12     | Killed a two-headed ogre
 11477 | D:12     | Engulfed by a cloud of flame

Illustrated notes

Levels and vault maps discovered:
D:1:      wander_arrival_fairy_ring, layout_basic, chequers_hall_statues_wall_a
D:2:      layout_rooms
D:3:      layout_rooms, tso_oasis_becter, uniq_crazy_yiuf_cottage, uniq_terence,
          uniq_sigmund
D:4:      layout_layer_cave, mainiacjoe_overflow_chevrons,
          hangedman_decor_diamond_cutter, abandoned_shop, uniq_ijyb
D:5:      layout_rooms, minmay_temple_entry_glassed_door, uniq_pikel
D:6:      layout_loops_ring, serial_shops, shop
D:7:      layout_cave_pools, serial_shops, shop, shop, uniq_duvessa
D:8:      hellmonk_crumbling_castle, layout_basic, nicolae_stop_n_shop_1
D:9:      layout_roguey
D:10:     layout_basic, minmay_lair_entry_grove
D:11:     layout_roguey, serial_bayou, serial_bayou_shore_b,
          serial_bayou_pond_e, serial_bayou_lagoon_a, serial_bayou_pond_e,
          serial_bayou_pond_b, serial_bayou_pond_b
D:12:     layout_irregular_city, david_orc_3
Temple:   mainiacjoe_temple_big_plus

Skill      XL: |  1  2  3  4  5  6  7  8  9 10 11 |
---------------+----------------------------------+-----
Axes           | 5 6 |  6.5
Short Blades   | 2 4 6 8 9 |  9.6
Fighting       | 4 5 6 7 |  7.6
Armour         | 2 3 6 |  6.0
Dodging        | 3 4 6 |  6.8
Invocations    | 1 4 8 9 |  9.6
Stealth        | 3 4 |  4.2
Evocations     | 3 4 |  4.0
Shields        | 3 6 |  6.0

Action                     |  1- 3 |  4- 6 |  7- 9 | 10-12 || total
---------------------------+-------+-------+-------+-------++-------
  Melee: Hand axe          |   118 |    14 |       |       ||   132
         Punch             |     1 |     2 |     4 |     4 ||    11
         Rapier            |       |    69 |   206 |   387 ||   662
  Throw: Dart              |       |       |       |     8 ||     8
 Invoke: Recite            |       |       |     7 |    22 ||    29
         Vitalisation      |       |       |     1 |       ||     1
         Donate Gold       |       |       |     1 |     1 ||     2
         Imprison          |       |       |       |     1 ||     1
  Evoke: Wand              |       |       |       |     4 ||     4
    Use: Scroll            |       |     6 |       |    13 ||    19
         Potion            |       |     1 |     2 |     6 ||     9
   Stab: Sleeping          |     5 |     1 |     1 |     6 ||    13
         Invisible         |       |       |     1 |     6 ||     7
         Confused          |       |       |     1 |     7 ||     8
         Paralysed         |       |       |       |     4 ||     4
 Armour: Robe              |    45 |     5 |       |       ||    50
         Scale mail        |       |    27 |    29 |       ||    56
         Leather armour    |       |       |    55 |    56 ||   111
         Acid dragon scale |       |       |       |     7 ||     7
         Troll leather arm |       |       |       |     2 ||     2
  Dodge: Dodged            |    82 |    55 |   163 |   263 ||   563
  Block: Other             |       |       |       |    36 ||    36
         Buckler           |       |       |       |   124 ||   124
         Reflection        |       |       |       |     5 ||     5

Table legend: (Time is in decaauts)
 A = Elapsed time spent in this place.
 B = Non-inter-level travel time spent in this place.
 C = Inter-level travel time spent in this place.
 D = Time resting spent in this place.
 E = Time spent auto-exploring this place.
 F = Levels seen in this place.
 G = Mean time per level.
                   A        B        C        D        E       F      G
               +--------+--------+--------+--------+--------+-----+--------+
         Total |  11368 |  10898 |    470 |    329 |   8375 |  13 |  874.5 |
       Dungeon |  10952 |  10508 |    444 |    329 |   7992 |  12 |  912.7 |
        Temple |    416 |    390 |     26 |      0 |    383 |   1 |  416.0 |
               +--------+--------+--------+--------+--------+-----+--------+

Top non-repeatable levels by time:
     D:4: 1565 daAuts
     D:1: 1262 daAuts
     D:5: 1213 daAuts
    D:11: 1030 daAuts
     D:6: 988 daAuts
     D:3: 849 daAuts
     D:9: 824 daAuts
     D:7: 803 daAuts
    D:10: 776 daAuts
     D:8: 727 daAuts
     D:2: 468 daAuts
    D:12: 442 daAuts
  Temple: 416 daAuts
